Map: Ever Dream LE

Players

goblin

  • Race: Protoss Protoss
  • League: Master
  • Spawn Location: 7:00

SortOf - Winner!

  • Race: Zerg Zerg
  • Spawn Location: 1:00

Event: StayAtHomestory Cup #1

VOD

Have the link to the VOD?

Description

Time

  • Played on: April 11, 2020, 5:17 a.m.
  • Length: 7:18

All games in this series

Show
View Real Time Build Order
Export as new Build Order

goblin Protoss 

Build Orders: 1 Gate Expand, Phoenix Opening, Mass Phoenix 

Get SALT Encoding   

  12  0:01  Probe  
  13  0:13  Probe  
  14  0:17  Pylon  
  14  0:25  Probe (Chrono Boost)  
  15  0:37  Probe (Chrono Boost)  
  15  0:38  Gateway  
  16  0:45  Probe (Chrono Boost)  
  16  0:46  Assimilator  
  17  0:51  Probe  
  18  1:03  Probe  
  19  1:20  Nexus  
  19  1:23  Probe  
  20  1:33  Cybernetics Core  
  20  1:36  Probe  
  21  1:44  Assimilator  
  21  1:48  Probe  
  21  1:51  Pylon  
  22  2:01  Probe (Chrono Boost)  
  23  2:07  Adept (Chrono Boost)  
  23  2:13  Probe (Chrono Boost)  
  26  2:19  Probe (Chrono Boost)  
  26  2:20  Stargate  
  27  2:30  Stalker  
  27  2:33  Probe x2 (Chrono Boost)  
  31  2:40  Warp Gate  
  33  2:45  Probe (Chrono Boost)  
  33  2:48  Probe (Chrono Boost)  
  33  2:50  Probe (Chrono Boost)  
  33  2:55  Probe  
  35  2:59  Probe  
  35  3:05  Phoenix  
  38  3:07  Probe  
  38  3:10  Pylon  
  38  3:12  Probe  
  40  3:19  Probe  
  41  3:24  Probe  
  42  3:31  Phoenix  
  42  3:32  Probe (Chrono Boost)  
  43  3:35  Assimilator  
  43  3:36  Probe (Chrono Boost), Assimilator  
  43  3:39  Adept, Gateway  
  46  3:48  Probe (Chrono Boost)  
  48  3:49  Probe (Chrono Boost)  
  48  3:50  Pylon  
  48  3:52  Stargate  
  48  3:53  Probe (Chrono Boost)  
  49  3:56  Probe (Chrono Boost)  
  50  4:04  Probe  
  50  4:05  Phoenix (Chrono Boost)  
  50  4:08  Probe  
  54  4:16  Probe  
  55  4:19  Pylon  
  55  4:20  Probe  
  56  4:27  Phoenix (Chrono Boost)  
  58  4:35  Protoss Air Weapons Level 1  
  58  4:36  Phoenix (Chrono Boost)  
  58  4:37  Adept, Zealot  
  64  4:41  Pylon  
  64  4:45  Phoenix  
  66  5:02  Nexus  
  66  5:04  Phoenix (Chrono Boost)  
  66  5:05  Pylon  
  68  5:08  Probe x2  
  72  5:14  Phoenix (Chrono Boost)  
  72  5:20  Probe x2  
  74  5:26  Oracle (Chrono Boost)  
  74  5:29  Shield Battery  
  74  5:30  Pylon  
  74  5:33  Shield Battery  
  77  5:37  Shield Battery  
  77  5:39  Phoenix (Chrono Boost), Probe  
  80  5:47  Sentry  
  82  5:50  Shield Battery  
  84  5:57  Adept  
  86  6:11  Gateway  
  86  6:13  Oracle x2 (Chrono Boost)  
  88  6:18  Sentry  
  88  6:20  Shield Battery  
  90  6:26  Pylon  
  90  6:27  Pylon  
  82  6:44  Adept  
  82  6:46  Probe (Chrono Boost)  
  73  6:51  Probe (Chrono Boost)  
  73  6:52  Probe (Chrono Boost)  
  65  6:56  Probe (Chrono Boost)  
  65  7:00  Probe x2 (Chrono Boost)  
  63  7:01  Probe (Chrono Boost)  
  63  7:04  Shield Battery  
Show
View Real Time Build Order
Export as new Build Order

SortOf Zerg - Winner!

Build Orders: Hatch First 

Get SALT Encoding   

  12  0:01  Drone  
  13  0:13  Overlord  
  13  0:17  Drone  
  14  0:31  Drone x2  
  16  0:49  Hatchery  
  15  0:53  Drone  
  15  0:55  Drone  
  17  0:59  Drone  
  18  1:09  Extractor  
  17  1:14  Spawning Pool  
  17  1:17  Drone  
  17  1:20  Drone  
  18  1:30  Drone  
  19  1:43  Drone  
  20  1:47  Hatchery  
  20  1:50  Drone  
  20  2:01  Queen  
  20  2:03  Zergling x2  
  23  2:09  Overlord  
  23  2:17  Queen  
  23  2:22  Drone  
  26  2:26  Drone  
  26  2:27  Drone  
  26  2:29  Drone  
  29  2:36  Zergling x2  
  30  2:39  Queen  
  32  2:45  Drone x2  
  32  2:49  Drone  
  35  2:58  Drone  
  36  2:59  Queen  
  36  3:00  Overlord  
  36  3:04  Drone  
  38  3:07  Drone x2  
  40  3:15  Drone  
  40  3:19  Spore Crawler, Drone x2  
  42  3:24  Drone  
  43  3:31  Drone x2, Overlord  
  43  3:33  Drone x2  
  47  3:36  Overlord  
  47  3:38  Drone  
  48  3:41  Metabolic Boost  
  48  3:43  Drone  
  48  3:45  Evolution Chamber  
  48  3:48  Queen  
  50  3:54  Drone x4  
  54  3:58  Spore Crawler  
  54  3:59  Spore Crawler  
  52  4:03  Drone  
  52  4:05  Drone  
  52  4:06  Drone x2  
  56  4:13  Drone x2  
  56  4:16  Overlord x2  
  58  4:24  Zerg Melee Weapons Level 1  
  58  4:28  Overlord  
  58  4:32  Extractor, Overlord  
  58  4:34  Queen, Drone  
  58  4:35  Drone  
  58  4:36  Drone x4  
  58  4:38  Zergling x4  
  67  4:40  Zergling x4  
  67  4:41  Zergling x2  
  70  4:48  Zergling x10  
  75  4:55  Drone x3  
  76  5:02  Baneling Nest  
  76  5:04  Hatchery  
  76  5:06  Zergling x8  
  77  5:09  Overlord  
  77  5:11  Overlord  
  77  5:14  Queen  
  77  5:19  Zergling x4  
  81  5:23  Drone  
  81  5:26  Queen x2  
  84  5:29  Overlord  
  84  5:32  Drone x2  
  84  5:33  Drone  
  84  5:34  Drone x2  
  89  5:37  Zergling x6  
  92  5:47  Zergling x2  
  92  5:49  Baneling x8  
  93  5:50  Queen  
  93  5:51  Zergling x8  
  95  6:00  Zergling x16  
  101  6:06  Zergling x2  
  101  6:11  Baneling x10  
  100  6:15  Zergling x14  
  106  6:24  Zergling x2  
  106  6:25  Zergling x6  
  103  6:39  Zergling x6  
  103  6:40  Zergling x10  
  103  6:42  Zergling x2  
  103  6:45  Drone  
  111  6:48  Drone  
  111  6:49  Baneling x4  
  111  6:52  Drone x2  
  111  6:53  Drone  
  110  6:57  Spore Crawler  
  110  6:59  Drone x6  
  110  7:00  Roach Warren  
  108  7:02  Drone x3  
Tags
 
Add a new tag
Caveats
  • Supply blocks, unpowered buildings, or Contaminate may cause inaccurate times.
  • Supply counts are checked every 10 seconds.